 Dungeon Crawl Stone Soup version 0.29.1-13-g9f3cf754e1 (webtiles) character file.

Game seed: 10418802324273081952

46 matakusis the Ducker (level 3, -4/27 HPs)
             Began as a Demonspawn Gladiator on Jan 28, 2023.
             Was a Believer of Jiyva.
             Killed from afar by Crazy Yiuf (18 damage)
             ... with a bolt of dispelling energy
             ... on level 2 of the Dungeon.
             The game lasted 00:07:04 (1466 turns).

matakusis the Ducker (Demonspawn Gladiator)         Turns: 1466, Time: 00:07:05

Health: -4/27      AC: 11    Str: 16    XL:     3   Next: 46%
Magic:  12/12      EV: 11    Int:  9    God:    Jiyva [**....]
Gold:   60         SH:  4    Dex: 14    Spells: 2/2 levels left

rFire   . . .      SeeInvis .   a - +1 war axe
rCold   . . .      Faith    .   k - +0 buckler
rNeg    . . .      Spirit   .   r - +5 ring mail of Tiut {*Slow +Inv MP+9 Slay+5}
rPois   .          Reflect  .   c - +0 helmet
rElec   .          Harm     .   (no cloak)
rCorr   +          Rampage  .   (no gloves)
Will    .....                   (no boots)
Stlth   +.........              (no amulet)
HPRegen 1.05/turn               (no ring)
MPRegen 0.43/turn               (no ring)

@: no status effects
A: spiny 1, weakness stinger 1
a: Renounce Religion, Evoke Invisibility


You were on level 2 of the Dungeon.
You worshipped Jiyva.
Jiyva was pleased with you.
You visited 1 branch of the dungeon, and saw 2 of its levels.

You collected 60 gold pieces.

Inventory:

Hand Weapons
 a - a +1 war axe (weapon)
Missiles
 d - 3 throwing nets (quivered)
 e - 4 javelins
Armour
 c - a +0 helmet (worn)
 k - a +0 buckler (worn)
 r - the +5 ring mail of Tiut (worn) {*Slow +Inv MP+9 Slay+5}
   (You found it on level 2 of the Dungeon)

   Slay:      It affects your accuracy & damage with ranged weapons and melee
   (+5).
   MP:        It affects your magic capacity (+9).
   +Inv:      It lets you turn invisible.
   *Slow:     It may slow you when you take damage.
Jewellery
 g - a ring of willpower
Potions
 f - a potion of might
 j - 3 potions of curing
 m - a potion of invisibility {unknown}
 q - a potion of brilliance {unknown}


   Skills:
 * Level 2.0 Fighting
 * Level 3.2 Axes
 + Level 1.7 Throwing
 * Level 0.2 Armour
 * Level 3.3 Dodging
 * Level 0.7 Shields


You had 2 spell levels left.
You didn't know any spells.
Your spell library contained the following spells:

 Spells                   Type           Power      Damage    Failure   Level
 Conjure Flame            Conj/Fire      0%         6-21      97%         3
 Ignite Poison            Fire/Tmut/Pois 0%         N/A       97%         3
 Fulminant Prism          Conj/Hex       0%         3d6       100%        4
 Iskenderun's Mystic Bla  Conj/Tloc      0%         2d3       100%        4
 Sticky Flame             Conj/Fire      0%         2d3       100%        4
 Lee's Rapid Deconstruct  Erth           0%         3d5*      100%        5


Dungeon Overview and Level Annotations

Branches:
Dungeon (2/15)

Altars:
Jiyva

Annotations:
D:2 Crazy Yiuf


Innate Abilities, Weirdness & Mutations

You are partially covered in sharp spines.
You have a small tail.


Message History

You hear a slurping noise.
Magic restored.
You see here the +0 scale mail of Defiance {Int+2}.
b - a scroll labelled RUYDGH DI ONWI
b - 2 scrolls labelled RUYDGH DI ONWI (gained 1)
There is a stone staircase leading down here.
Crazy Yiuf shouts!
As you read the scroll labelled RUYDGH DI ONWI, it crumbles to dust.
It is a scroll of identify.
j - 3 potions of curing The air fills with toxic fumes!
As you read the scroll labelled VOIXKU YCUCO, it crumbles to dust.
It was a scroll of poison.
As you read the scroll labelled AMANACSEPP, it crumbles to dust.
You assume a fearsome visage.
Nothing appears to happen.
It was a scroll of fear.
As you read the scroll labelled PEPEMUB USKE, it crumbles to dust.
You hear a loud clanging noise!
It was a scroll of noise.
As you read the scroll labelled COJUOJI ZOULOQ, it crumbles to dust.
It is a scroll of enchant weapon.
Your +0 war axe glows red for a moment.
As you read the scroll labelled CADYAH ETWEKUBLOA, it crumbles to dust.
You feel strangely unstable.
It was a scroll of teleportation.
As you read the scroll of identify, it crumbles to dust.
f - a potion of might You start waiting.
Your surroundings suddenly seem different.
Crazy Yiuf shouts!
You open the door. You slash Crazy Yiuf!
Crazy Yiuf is severely wounded.
Crazy Yiuf zaps a wand.
The bolt of dispelling energy hits you!
Ouch! That really hurt!
You barely miss Crazy Yiuf. You tail-slap Crazy Yiuf.
Crazy Yiuf is severely wounded.
Crazy Yiuf zaps a wand.
The bolt of dispelling energy hits you!!
Ouch! That really hurt!
You die...

###### ### ##########
######....## ###..)# #........#
#..........####@g...# #........#
#...........#..##...# #........#
#....##....#.### ### #........#
#....######### #......... #....#
#........# #....#### ### #####
#......... #.......#
#.###...#######.###.
#.....#.#####..#..#.............
##..#.#....##.......#######.####


You could see Crazy Yiuf.

Vanquished Creatures
  An adder (D:2)
  3 dart slugs
  2 ball pythons (D:1)
  5 endoplasms (D:1)
  3 goblins (D:1)
  3 hobgoblins
  4 jackals (D:2)
  A kobold (D:1)
  2 bats (D:1)
  4 frilled lizards
28 creatures vanquished.

Vanquished Creatures (others)
  A ball python (D:2)
  A giant cockroach (D:2)
  A goblin (D:2)
  A hobgoblin (D:2)
  A bat (D:2)
  2 kobolds (D:2)
7 creatures vanquished.

Grand Total: 35 creatures vanquished

Notes
Turn   | Place    | Note
-------+----------+-------------------------------------------
     0 | D:1      | matakusis the Demonspawn Gladiator began the quest for the
                  | Orb.
     0 | D:1      | Reached XP level 1. HP: 16/16 MP: 1/1
   511 | D:1      | Gained mutation: You have a small tail. [demonic ancestry]
   511 | D:1      | Reached XP level 2. HP: 20/22 MP: 2/2
   796 | D:1      | Found a faded altar of an unknown god.
   797 | D:1      | Noticed a golden eye
   800 | D:1      | Noticed a golden eye
   804 | D:1      | Noticed a floating eye
   804 | D:1      | Noticed an eye of devastation
   809 | D:1      | Prayed at the altar of an unknown god.
   809 | D:1      | Became a worshipper of Jiyva Jetwahat the Shapeless
   809 | D:1      | Reached * piety under Jiyva
   946 | D:2      | Gained mutation: You are partially covered in sharp spines.
                  | [demonic ancestry]
   946 | D:2      | Reached XP level 3. HP: 27/27 MP: 3/3
   962 | D:2      | Identified the +0 scale mail of Defiance {Int+2}
   985 | D:2      | Found a runed translucent door.
   986 | D:2      | Noticed Crazy Yiuf
  1097 | D:2      | Reached ** piety under Jiyva
  1232 | D:2      | Identified the +5 ring mail of Tiut {*Slow +Inv MP+9
                  | Slay+5}
  1466 | D:2      | Killed from afar by Crazy Yiuf

Illustrated notes

Levels and vault maps discovered:
D:1:      ncdulo_lavacross, layout_loops_cross,
          hellmonk_ecumenical_altar_watching_god, minmay_close_crescents
D:2:      layout_rooms, kennysheep_generic_room_9, uniq_crazy_yiuf_cottage

Skill      XL: |  1  2 |
---------------+-------+-----
Dodging        | 3 |  3.3
Axes           | 3 |  3.2
Fighting       | |  2.0
Throwing       | |  1.7
Armour         | |  0.2
Shields        | |  0.7

Action                   || total
-------------------------++-------
Melee: War axe           ||    47
       Tailslap          ||     6
  Use: Scroll            ||     7
Armor: Leather armour    ||    12
       Scale mail        ||     5
Dodge: Dodged            ||    43
Block: Buckler           ||     8
